[Event "Titled Tuesday Blitz May 2 Early 2023"]
[White "Piesik, Piotr"]
[Black "Rodriguez Santiago, Jaime"]
[WhiteFideId "1136194"]
[BlackFideId "3100898"]
[WhiteElo "2299"]
[BlackElo "2025"]
[Result "1-0"]
[Round "02"]
[TimeControl "180+2"]
[Date "2023.05.02"]
[WhiteClock "0:00:00"]
[BlackClock "0:00:00"]

1. Nf3 Nf6 2. g3 e6 3. Bg2 d5 4. O-O c5 5. d3 b6 6. Nbd2 Bb7 7. e4 dxe4 8. Ng5 Be7 9. Ngxe4 Nxe4 10. dxe4 Nc6 11. c3 O-O 12. Qe2 a5 13. Rd1 Ba6 14. Qe1 Ne5 15. Nf1 Nd3 16. Qe3 c4 17. Qf3 Bb7 18. b3 b5 19. a4 Bc5 20. Be3 Qc7 21. axb5 f5 22. bxc4 fxe4 23. Qg4 Bxe3 24. Nxe3 Rae8 25. Rd2 Ne5 26. Qe2 Nf3+ 27. Bxf3 exf3 28. Qd3 e5 29. Qd7 Qb8 30. Rxa5 Rd8 31. Qe6+ Kh8 32. Raa2 Rxd2 33. Rxd2 Bc8 34. Qe7 Bh3 35. Rd5 Qa8 36. Qxe5 Qa1+ 37. Rd1 Qb2 38. Qf4 Rg8 39. Qxf3 h6 40. Qh5 Bc8 41. Nf5 Bb7 42. Nxh6 Rf8 43. Nf5+ Kg8 44. Ne7# 1-0


[Site "https://www.chess.com"]

[Event "Titled Tuesday Blitz May 2 Early 2023"]
[White "Bayasgalan, Khishigbaatar"]
[Black "Mendez Fortes, Eduardo Jesus"]
[WhiteFideId "4904311"]
[BlackFideId "3502376"]
[WhiteElo "2057"]
[BlackElo "2307"]
[Result "0-1"]
[Round "02"]
[TimeControl "180+2"]
[Date "2023.05.02"]
[WhiteClock "0:00:04"]
[BlackClock "0:00:04"]

1. d4 Nf6 2. c4 e6 3. Nc3 Bb4 4. Qc2 O-O 5. e4 d5 6. cxd5 exd5 7. e5 Ne4 8. Bd3 c5 9. Bxe4 dxe4 10. dxc5 Nd7 11. Ne2 Nxc5 12. O-O Bf5 13. Be3 Nd3 14. Ng3 Bxc3 15. Qxc3 Bg6 16. Rad1 Qe7 17. f4 exf3 18. Rxd3 fxg2 19. Rfd1 Bxd3 20. Rxd3 Qe6 21. Rd6 Qxa2 22. Kxg2 Rac8 23. Qd4 Rc2+ 24. Kh3 Rxb2 25. Qxa7 Rxh2+ 26. Kg4 h5+ 27. Kf4 Qc4+ 28. Qd4 Rh4+ 29. Kg5 Rxd4 30. Bxd4 h4 31. Kxh4 b5 32. Nf5 Re8 33. Kg5 Re6 34. Rd8+ Kh7 35. Rd7 Rg6+ 36. Kf4 Qe2 37. Ne3 Qf2+ 38. Ke4 f5+ 39. exf6 Rxf6 40. Bxf6 Qxf6 41. Rd5 Qc6 42. Kd4 b4 43. Rh5+ Kg6 44. Rc5 Qf6+ 45. Kd3 b3 46. Rb5 b2 47. Nc4 b1=Q+ 0-1


[Site "https://www.chess.com"]

[Event "Titled Tuesday Blitz May 2 Early 2023"]
[White "Buscar, Michael"]
[Black "Girya, Olga"]
[WhiteFideId "2603616"]
[BlackFideId "4195752"]
[WhiteElo "2010"]
[BlackElo "2263"]
[Result "0-1"]
[Round "02"]
[TimeControl "180+2"]
[Date "2023.05.02"]
[WhiteClock "0:00:12"]
[BlackClock "0:00:19"]

1. d4 Nf6 2. c4 e6 3. Nc3 Bb4 4. e3 O-O 5. Bd3 c5 6. Ne2 cxd4 7. exd4 d5 8. O-O dxc4 9. Bxc4 b6 10. a3 Bd6 11. d5 Ba6 12. Bxa6 Nxa6 13. dxe6 fxe6 14. Bg5 Bxh2+ 15. Kxh2 Ng4+ 16. Kg1 Qxg5 17. Qd3 Qh4 18. Qg3 Qxg3 19. Nxg3 Nc5 20. f3 Ne3 21. Rf2 Rad8 22. Re1 Nd5 23. Nb5 Nd3 24. Rxe6 Nxf2 25. Kxf2 Nf4 26. Rd6 Rxd6 27. Nxd6 Nd3+ 28. Ke3 Nxb2 29. Kd4 Rd8 30. Ke5 Nd3+ 31. Ke6 Kf8 32. Ngf5 g6 33. Nd4 Nf4+ 34. Ke5 Nd3+ 35. Kd5 Rd7 36. Kc6 Nc5 37. Ne6+ Ke7 38. Nxc5 Rxd6+ 0-1


[Site "https://www.chess.com"]

[Event "Titled Tuesday Blitz May 2 Early 2023"]
[White "Spitzl, Vinzent"]
[Black "Manon-og, Ramon Jr."]
[WhiteFideId "12901253"]
[BlackFideId "5200776"]
[WhiteElo "2225"]
[BlackElo "1999"]
[Result "1-0"]
[Round "02"]
[TimeControl "180+2"]
[Date "2023.05.02"]
[WhiteClock "0:00:01"]
[BlackClock "0:00:00"]

1. e4 c5 2. Nf3 d6 3. d4 cxd4 4. Nxd4 Nf6 5. Nc3 a6 6. Bg5 e6 7. Qe2 Be7 8. f4 O-O 9. O-O-O Qc7 10. g4 e5 11. Nf5 exf4 12. Nxe7+ Qxe7 13. Nd5 Qe5 14. Bxf6 gxf6 15. Rg1 Be6 16. Qf3 Nd7 17. h4 Nc5 18. g5 f5 19. Nf6+ Kg7 20. Qh5 Qxf6 21. gxf6+ Kh8 22. Rg7 1-0


[Site "https://www.chess.com"]

[Event "Titled Tuesday Blitz May 2 Early 2023"]
[White "Prudnykova, Olga"]
[Black "Bartel, Michal"]
[WhiteFideId "14121093"]
[BlackFideId "1119257"]
[WhiteElo "2113"]
[BlackElo "2282"]
[Result "1/2-1/2"]
[Round "02"]
[TimeControl "180+2"]
[Date "2023.05.02"]
[WhiteClock "0:00:14"]
[BlackClock "0:01:36"]

1. e4 e5 2. d4 exd4 3. Qxd4 Nc6 4. Qc4 g6 5. Nc3 Bg7 6. Be3 d6 7. O-O-O Nge7 8. f4 O-O 9. Nf3 Rb8 10. e5 Be6 11. Qa4 d5 12. Ng5 Qc8 13. Nxe6 fxe6 14. g3 a6 15. Bc5 b5 16. Qb3 Rf7 17. Ne2 a5 18. Nd4 Nxd4 19. Rxd4 Nf5 20. Rd1 a4 21. Qb4 Bf8 22. a3 Bxc5 23. Qxc5 Qf8 24. Qxf8+ Kxf8 25. Bh3 Ne3 26. Rd3 Nf5 27. c3 c5 28. Re1 Ke7 29. Bg2 Rff8 30. Red1 Rfc8 31. Kd2 b4 32. axb4 cxb4 33. Rc1 bxc3+ 34. bxc3 a3 35. Kd1 Rb2 36. Bh3 Rxh2 37. Bxf5 gxf5 38. c4 a2 39. Ra3 Rh1+ 40. Kd2 Rxc1 41. Kxc1 Rxc4+ 42. Kd2 Rb4 43. Ra7+ Kf8 44. Rxa2 Rb3 45. Ra6 Kf7 46. Ra7+ Kg6 47. Re7 Rb6 48. Ke3 h6 49. Kd4 Kh5 50. Kc5 Ra6 51. Rd7 Kg4 52. Rd6 Ra5+ 53. Kb4 Ra1 54. Rxe6 Kxg3 55. Kc5 Rd1 56. Rxh6 Kxf4 57. e6 d4 58. e7 Re1 59. Kd6 d3 60. Re6 Rxe6+ 61. Kxe6 d2 62. e8=Q d1=Q 63. Qb8+ Kg4 64. Qg8+ Kf4 65. Qb8+ Ke4 66. Qb4+ Ke3 67. Kxf5 Qh5+ 68. Ke6 Qg6+ 69. Kd7 Qf7+ 70. Qe7+ Qxe7+ 71. Kxe7 1/2-1/2


[Site "https://www.chess.com"]

[Event "Titled Tuesday Blitz May 2 Early 2023"]
[White "Guzman Moneo, Alberto"]
[Black "Aslanov, Umid"]
[WhiteFideId "2209616"]
[BlackFideId "13412620"]
[WhiteElo "2157"]
[BlackElo "2013"]
[Result "0-1"]
[Round "02"]
[TimeControl "180+2"]
[Date "2023.05.02"]
[WhiteClock "0:00:06"]
[BlackClock "0:00:36"]

1. Nf3 d5 2. g3 c6 3. Bg2 Bg4 4. c4 e6 5. Qb3 Qb6 6. d3 Nd7 7. Be3 Bc5 8. Qxb6 axb6 9. Bxc5 Nxc5 10. Nbd2 Ne7 11. O-O O-O 12. b4 Nd7 13. a4 Ra7 14. Ra3 Rfa8 15. Rfa1 b5 16. cxb5 cxb5 17. a5 b6 18. Nd4 bxa5 19. Nxb5 Rb7 20. Rxa5 Rab8 21. Nd6 Rb6 22. Ra6 Bxe2 23. Bf1 Bxf1 24. Kxf1 Ne5 25. Ra8 g5 26. Rxb8+ Rxb8 27. d4 N5c6 28. Nf3 g4 29. Ne5 Nxe5 30. dxe5 Nc6 31. b5 Nxe5 32. Ke2 Kg7 33. Ra6 Kf6 34. Ke3 Ke7 35. Kd4 f6 36. Kc5 Nd7+ 37. Kb4 h5 38. Ka5 Nc5 39. Rc6 Nb3+ 40. Kb4 Nd4 41. Nc8+ Kd7 42. Na7 Nxc6+ 43. Nxc6 Rb6 44. Kc5 Rxc6+ 45. bxc6+ Kc7 0-1


[Site "https://www.chess.com"]

[Event "Titled Tuesday Blitz May 2 Early 2023"]
[White "Kleiman, Jake"]
[Black "Ardila, Oscar Humberto"]
[WhiteFideId "2020041"]
[BlackFideId "4404742"]
[WhiteElo "2399"]
[BlackElo "1918"]
[Result "1-0"]
[Round "02"]
[TimeControl "180+2"]
[Date "2023.05.02"]
[WhiteClock "0:00:48"]
[BlackClock "0:00:03"]

1. Nf3 Nf6 2. g3 g6 3. Bg2 Bg7 4. O-O O-O 5. d4 d6 6. b3 Nbd7 7. Bb2 c6 8. c4 Qc7 9. Nc3 e5 10. e3 Re8 11. Rc1 exd4 12. Qxd4 Nc5 13. Rfd1 Rd8 14. Qh4 Bf5 15. Nd4 Bg4 16. Rd2 Qe7 17. h3 Bd7 18. Rcd1 a5 19. g4 h6 20. Nde2 Be6 21. Qg3 Ne8 22. Nf4 a4 23. Nd3 axb3 24. Nxc5 dxc5 25. axb3 Rxd2 26. Rxd2 Ra2 27. Nxa2 Bxb2 28. Rxb2 Qf6 29. Rd2 Qa1+ 30. Kh2 Nf6 31. Qb8+ Kg7 32. Qxb7 Qe1 33. Rb2 h5 34. g5 Nh7 35. h4 Qa1 36. Re2 Qd1 37. Bf3 Qd6+ 38. Kg2 Nf8 39. Qxc6 Qe5 40. Qe4 Qd6 41. Nc3 Nd7 42. Nb5 Qd1 43. Qc2 Qa1 44. Qb2+ Qxb2 45. Rxb2 1-0


[Site "https://www.chess.com"]

[Event "Titled Tuesday Blitz May 2 Early 2023"]
[White "Gheorghiu, Calin"]
[Black "Krsnik Cohar, Ivan Vihor"]
[WhiteFideId "1200305"]
[BlackFideId "14520044"]
[WhiteElo "2223"]
[BlackElo "2414"]
[Result "0-1"]
[Round "02"]
[TimeControl "180+2"]
[Date "2023.05.02"]
[WhiteClock "0:00:00"]
[BlackClock "0:00:00"]

1. e4 c5 2. Nf3 g6 3. c3 Bg7 4. d4 cxd4 5. cxd4 d5 6. e5 Bg4 7. Nc3 Nc6 8. Be3 Nh6 9. Bb5 O-O 10. h3 Bxf3 11. Qxf3 Nf5 12. Bxc6 bxc6 13. O-O Qb6 14. g4 Nxd4 15. Qf4 Ne6 16. Bxb6 Nxf4 17. Be3 Bxe5 18. Bxf4 Bxf4 19. Na4 Rac8 20. Kg2 c5 21. Kf3 e5 22. Rfd1 Rfd8 23. b3 g5 24. Nc3 e4+ 25. Ke2 Be5 26. Rac1 Bxc3 27. Rxc3 Rd6 28. Rdc1 Rdc6 29. b4 c4 30. Ke3 Kg7 31. Kd4 Rd8 32. b5 Rf6 33. R1c2 a6 34. a4 Rb6 35. Rb2 axb5 36. axb5 Kf6 37. Kc5 Rb7 38. b6 Ke5 39. Kc6 Rdb8 40. Rb5 Ke6 41. Rc1 f6 42. Rd1 Rd7 43. b7 Rd6+ 44. Kc7 Rdd8 45. Rb6+ Ke5 46. Rb5 c3 47. Rc1 Kd4 48. Rd1+ Kc4 49. Rdxd5 Rxd5 50. Rxd5 Rxb7+ 51. Kxb7 Kxd5 0-1


[Site "https://www.chess.com"]

[Event "Titled Tuesday Blitz May 2 Early 2023"]
[White "Szente Varga, Fruzsina"]
[Black "Olenik Campa, Rudi"]
[WhiteFideId "712264"]
[BlackFideId "14633264"]
[WhiteElo "1994"]
[BlackElo "2249"]
[Result "1-0"]
[Round "02"]
[TimeControl "180+2"]
[Date "2023.05.02"]
[WhiteClock "0:00:00"]
[BlackClock "0:00:00"]

1. e4 c5 2. Nf3 Nc6 3. Bb5 g6 4. Nc3 Bg7 5. O-O e5 6. Nd5 Nge7 7. d3 h6 8. Be3 d6 9. Qd2 a6 10. Bxc6+ Nxc6 11. a4 Bg4 12. a5 Bxf3 13. gxf3 Rc8 14. c3 Qh4 15. Kh1 O-O 16. Rg1 Kh7 17. Rg4 Qh3 18. Rg3 Qh5 19. f4 exf4 20. Bxf4 f5 21. Rag1 g5 22. Bxg5 hxg5 23. Rxg5 Qf3+ 24. R1g2 Rf7 25. Rg3 Qh5 26. Nf4 Qh6 27. Rh3 fxe4 28. Rxh6+ Bxh6 29. dxe4 Bxf4 30. Qd5 Ne5 31. Qe6 Rg8 32. Qh3+ Bh6 33. Rxg8 Kxg8 34. Qxh6 Rxf2 35. Qxd6 Ng6 36. Qxg6+ 1-0


[Site "https://www.chess.com"]

[Event "Titled Tuesday Blitz May 2 Early 2023"]
[White "Arat, Ufuk Sezen"]
[Black "Pandey Srishti"]
[WhiteFideId "6309089"]
[BlackFideId "35093290"]
[WhiteElo "2289"]
[BlackElo "2083"]
[Result "1-0"]
[Round "02"]
[TimeControl "180+2"]
[Date "2023.05.02"]
[WhiteClock "0:00:31"]
[BlackClock "0:00:01"]

1. e4 e5 2. Nf3 Nc6 3. Bb5 a6 4. Ba4 Nf6 5. O-O b5 6. Bb3 Bc5 7. c3 d6 8. d4 Bb6 9. h3 O-O 10. a4 Rb8 11. Be3 Re8 12. axb5 axb5 13. Ng5 Rf8 14. Nf3 Re8 15. Nbd2 exd4 16. cxd4 h6 17. Rc1 Nb4 18. e5 Nfd5 19. Nb1 Be6 20. Nc3 Nxe3 21. fxe3 Bxb3 22. Qxb3 c5 23. Ne4 dxe5 24. dxc5 Ba5 25. Nd6 Re7 26. Nd2 Qc7 27. N2e4 Rf8 28. Nxb5 Qc6 29. Nbd6 Nd5 30. Rcd1 Nc7 31. Qd3 Ne6 32. Qc4 Rc7 33. b4 Bxb4 34. Qxb4 Nxc5 35. Rc1 Nxe4 36. Rxc6 Nxd6 37. Rxc7 1-0


[Site "https://www.chess.com"]

[Event "Titled Tuesday Blitz May 2 Early 2023"]
[White "Ibadov, Dashgyn"]
[Black "Makhmudov, Shukhrat"]
[WhiteFideId "24107514"]
[BlackFideId "14200775"]
[WhiteElo "2208"]
[BlackElo "2135"]
[Result "1-0"]
[Round "02"]
[TimeControl "180+2"]
[Date "2023.05.02"]
[WhiteClock "0:00:19"]
[BlackClock "0:00:30"]

1. e4 e5 2. Nf3 Nc6 3. d4 exd4 4. Nxd4 Nf6 5. Nxc6 bxc6 6. e5 Qe7 7. Qe2 Nd5 8. c4 Ba6 9. b3 O-O-O 10. g3 Re8 11. Bb2 f6 12. Bg2 fxe5 13. O-O e4 14. Qd2 e3 15. Qa5 exf2+ 16. Kh1 Nb4 17. a3 Qe2 18. axb4 Bb7 19. Qxa7 Qxf1+ 20. Bxf1 c5+ 21. Qxb7+ Kxb7 22. Nd2 Re1 23. Kg2 cxb4 24. Kxf2 Rxa1 25. Bxa1 Bc5+ 26. Ke2 Re8+ 27. Kd1 g6 28. Bg2+ c6 29. Ne4 Be7 30. Bf6 Bf8 31. Kc2 d5 32. cxd5 cxd5 33. Nd2 Kc6 34. Bf3 Bh6 35. Nc4 Rf8 36. Ne5+ Kd6 37. Ng4 Bg7 38. Bxg7 Rxf3 39. Be5+ Ke6 40. Bd4 h5 41. Nf2 Rf7 42. Nd3 Rc7+ 43. Kd2 Rb7 44. Nc5+ Kf5 45. Nxb7 Kg4 46. Ke3 Kh3 47. Bc5 Kxh2 48. Kf2 g5 49. Bxb4 h4 50. gxh4 g4 51. Bd6+ Kh3 52. h5 d4 53. h6 d3 54. h7 g3+ 55. Bxg3 d2 56. h8=Q+ 1-0


[Site "https://www.chess.com"]

[Event "Titled Tuesday Blitz May 2 Early 2023"]
[White "Tsyhanchuk, Stanislav"]
[Black "Karas, Marek"]
[WhiteFideId "13505130"]
[BlackFideId "14928558"]
[WhiteElo "2173"]
[BlackElo "2233"]
[Result "0-1"]
[Round "02"]
[TimeControl "180+2"]
[Date "2023.05.02"]
[WhiteClock "0:00:52"]
[BlackClock "0:01:01"]

1. e4 e6 2. d4 d5 3. Nc3 Nf6 4. e5 Nfd7 5. f4 c5 6. Nf3 Nc6 7. Be3 Be7 8. Bd3 a6 9. O-O b5 10. f5 cxd4 11. fxe6 dxe3 12. exf7+ Kf8 13. Nxd5 Nc5 14. Nxe7 Qxe7 15. b4 Nxd3 16. Qxd3 Nxb4 17. Qxe3 Nxc2 18. Qe4 Nxa1 19. Qxa8 Qc5+ 20. Kh1 Nc2 21. Ng5 Nd4 22. e6 h6 23. Ne4 Qc6 24. e7+ Kxe7 25. Qa7+ Bb7 26. Qc5+ Qxc5 27. Nxc5 Bc8 28. Rd1 Ne6 29. Ne4 Kxf7 30. Rc1 Ke7 31. Rc6 Rd8 32. h3 Bb7 33. Rxe6+ Kxe6 34. Nc5+ Kd5 35. Nxb7 Re8 36. Na5 Re1+ 37. Kh2 Re2 38. a3 Re3 0-1


[Site "https://www.chess.com"]

[Event "Titled Tuesday Blitz May 2 Early 2023"]
[White "Begunov, Konstantin"]
[Black "Vasques, Antonio Pedro Freixial"]
[WhiteFideId "4118510"]
[BlackFideId "1908332"]
[WhiteElo "2087"]
[BlackElo "2212"]
[Result "1-0"]
[Round "02"]
[TimeControl "180+2"]
[Date "2023.05.02"]
[WhiteClock "0:00:00"]
[BlackClock "0:00:01"]

1. d4 Nf6 2. c4 e6 3. Nf3 d5 4. Nc3 dxc4 5. e4 a6 6. Bxc4 b5 7. Bd3 Bb7 8. Qe2 c5 9. e5 cxd4 10. Nxb5 axb5 11. exf6 Bb4+ 12. Kf1 Qxf6 13. Bxb5+ Ke7 14. Bg5 1-0


[Site "https://www.chess.com"]

[Event "Titled Tuesday Blitz May 2 Early 2023"]
[White "Buchenau, Frank"]
[Black "Manukyan, Artyom"]
[WhiteFideId "4604350"]
[BlackFideId "13305786"]
[WhiteElo "2157"]
[BlackElo "2078"]
[Result "1-0"]
[Round "02"]
[TimeControl "180+2"]
[Date "2023.05.02"]
[WhiteClock "0:01:01"]
[BlackClock "0:01:14"]

1. e4 Nf6 2. e5 Nd5 3. d4 d6 4. Nf3 dxe5 5. Nxe5 c6 6. Be2 Bf5 7. O-O Nd7 8. Nf3 g6 9. c4 N5b6 10. Nc3 Bg7 11. c5 Nd5 12. Nxd5 cxd5 13. Bf4 O-O 14. Qd2 Re8 15. Bb5 a6 16. Ba4 Rc8 17. Rfe1 Be4 18. Ng5 Bf5 19. b4 Rf8 20. Nf3 Nf6 21. Bb3 Ne4 22. Qe3 Re8 23. a4 b6 24. Rac1 bxc5 25. bxc5 Qa5 26. Bxd5 Nf6 27. Bb7 Rcd8 28. c6 Nd5 29. Qd2 Qxa4 30. c7 Nxc7 31. Bxc7 Rd7 32. Bc6 1-0


[Site "https://www.chess.com"]

[Event "Titled Tuesday Blitz May 2 Early 2023"]
[White "Vivas Zamora, Fabian Ernesto"]
[Black "Fathy, Elameir"]
[WhiteFideId "3902480"]
[BlackFideId "10600396"]
[WhiteElo "2262"]
[BlackElo "2311"]
[Result "1-0"]
[Round "02"]
[TimeControl "180+2"]
[Date "2023.05.02"]
[WhiteClock "0:00:03"]
[BlackClock "0:00:07"]

1. e4 c6 2. Nf3 d5 3. Nc3 Bg4 4. h3 Bxf3 5. Qxf3 e6 6. Be2 Bc5 7. O-O Nd7 8. Na4 dxe4 9. Qxe4 Ngf6 10. Qf3 Bd6 11. d4 O-O 12. Rd1 Qe7 13. Bg5 h6 14. Bh4 e5 15. dxe5 Bxe5 16. Bd3 Rfe8 17. Re1 Qb4 18. Bxf6 Nxf6 19. Nc3 Qxb2 20. Ne4 Nxe4 21. Bxe4 Qxa1 22. Rxa1 Bxa1 23. g3 g6 24. Bd3 Bg7 25. h4 h5 26. Bc4 Re7 27. g4 hxg4 28. Qxg4 Rae8 29. Qxg6 Re1+ 30. Kg2 R8e7 31. Qh5 R1e5 32. Qg4 Re4 33. Qc8+ Re8 34. Qd7 R8e7 35. Qc8+ Bf8 36. Bd3 Rxh4 37. Qf5 Rh6 38. Qg5+ Kh8 39. Qf5 Bg7 40. Qc8+ Re8 41. Qxe8+ 1-0


[Site "https://www.chess.com"]

[Event "Titled Tuesday Blitz May 2 Early 2023"]
[White "Urbina Perez, Juan Antonio"]
[Black "Napoli, Nicolo"]
[WhiteFideId "2217368"]
[BlackFideId "813702"]
[WhiteElo "2197"]
[BlackElo "2308"]
[Result "0-1"]
[Round "02"]
[TimeControl "180+2"]
[Date "2023.05.02"]
[WhiteClock "0:02:24"]
[BlackClock "0:02:28"]

1. e4 c6 2. Nf3 d5 3. d3 Bg4 4. h3 Bxf3 5. Qxf3 Nf6 6. e5 Nfd7 7. d4 e6 8. Bd3 c5 9. c3 Nc6 10. a3 cxd4 11. cxd4 Qb6 12. Qg4 Qxd4 13. Qxd4 Nxd4 14. f4 Nb3 15. Ra2 Nxc1 0-1


[Site "https://www.chess.com"]

[Event "Titled Tuesday Blitz May 2 Early 2023"]
[White "Zaichenko, Daria"]
[Black "Lopez, Henry"]
[WhiteFideId "4197453"]
[BlackFideId "5203830"]
[WhiteElo "2039"]
[BlackElo "2177"]
[Result "0-1"]
[Round "02"]
[TimeControl "180+2"]
[Date "2023.05.02"]
[WhiteClock "0:00:09"]
[BlackClock "0:01:41"]

1. e4 c5 2. Nf3 d6 3. d4 cxd4 4. Nxd4 Nf6 5. Nc3 a6 6. Be3 e5 7. Nb3 Be6 8. Be2 h5 9. a4 Nbd7 10. Qd2 Rc8 11. a5 Be7 12. O-O O-O 13. f4 Qc7 14. f5 Bc4 15. Bf3 Bxf1 16. Rxf1 b5 17. axb6 Nxb6 18. Qe2 Nc4 19. Bg5 Nxb2 20. Bxf6 Bxf6 21. Nd5 Qd8 22. Bxh5 Nc4 23. Qg4 Nb6 24. Ne3 Bg5 25. f6 Bxe3+ 26. Kh1 Bh6 27. Nd2 Nc4 28. Nb3 Ne3 0-1


[Site "https://www.chess.com"]

[Event "Titled Tuesday Blitz May 2 Early 2023"]
[White "Kornyukov, Alexey"]
[Black "Shvedova, Alexandra"]
[WhiteFideId "4150457"]
[BlackFideId "54154782"]
[WhiteElo "2352"]
[BlackElo "2057"]
[Result "0-1"]
[Round "02"]
[TimeControl "180+2"]
[Date "2023.05.02"]
[WhiteClock "0:00:00"]
[BlackClock "0:00:00"]

1. e4 c6 2. Nf3 d5 3. Nc3 dxe4 4. Nxe4 Nf6 5. Qe2 Nxe4 6. Qxe4 Qa5 7. Bc4 Bf5 8. Qf4 e6 9. O-O Be7 10. Qg3 O-O 11. d3 Nd7 12. Bg5 Nf6 13. Nh4 Bg6 14. Nxg6 hxg6 15. Bxf6 Bxf6 16. c3 Rad8 17. d4 e5 18. dxe5 Bxe5 19. Qxg6 Rd2 20. Rae1 Rxb2 21. Qh5 Bxc3 22. Re7 Qxh5 0-1


[Site "https://www.chess.com"]

[Event "Titled Tuesday Blitz May 2 Early 2023"]
[White "Devaev, Alexander"]
[Black "Kostiukov, Alexandr"]
[WhiteFideId "4169395"]
[BlackFideId "14108100"]
[WhiteElo "2204"]
[BlackElo "2202"]
[Result "1-0"]
[Round "02"]
[TimeControl "180+2"]
[Date "2023.05.02"]
[WhiteClock "0:00:20"]
[BlackClock "0:00:06"]

1. Nf3 c5 2. c4 g6 3. Nc3 Bg7 4. e3 Nf6 5. Be2 O-O 6. O-O Nc6 7. a3 d5 8. cxd5 Nxd5 9. Ne4 b6 10. d3 Bb7 11. Qc2 Rc8 12. Re1 h6 13. Bf1 Qd7 14. Rb1 Rfd8 15. h3 e5 16. b3 f5 17. Ng3 Kh7 18. Bb2 Qe7 19. Ba1 Rd7 20. Rbc1 Rcd8 21. Qb1 Qf7 22. Bb2 Re8 23. Nd2 e4 24. dxe4 Nxe3 25. Bxg7 Kxg7 26. exf5 Rxd2 27. Rxe3 Rxe3 28. fxe3 Qe7 29. Re1 Qe5 30. Qa1 Qxa1 31. Rxa1 Rb2 32. Rd1 Bc8 33. fxg6 Ne5 34. Rd6 Nxg6 35. Nh5+ Kh7 36. Bd3 Rxb3 37. Bxg6+ Kg8 38. Rd8# 1-0


[Site "https://www.chess.com"]

[Event "Titled Tuesday Blitz May 2 Early 2023"]
[White "Blokhin, Sofia"]
[Black "Horak, Martin"]
[WhiteFideId "4508190"]
[BlackFideId "367095"]
[WhiteElo "1994"]
[BlackElo "2091"]
[Result "1-0"]
[Round "02"]
[TimeControl "180+2"]
[Date "2023.05.02"]
[WhiteClock "0:00:00"]
[BlackClock "0:00:00"]

1. d4 Nf6 2. c4 c5 3. d5 b5 4. cxb5 a6 5. bxa6 g6 6. Nc3 Bg7 7. e4 O-O 8. Bd3 Qa5 9. Bd2 Bxa6 10. Bxa6 Qxa6 11. Nge2 e6 12. O-O exd5 13. e5 Ne4 14. Nxd5 Bxe5 15. Bh6 Re8 16. f3 Nf6 17. Nec3 Qd6 18. Re1 Nc6 19. Nxf6+ Qxf6 20. Qxd7 Nd4 21. f4 Red8 22. fxe5 Qh4 23. Qh3 Qxh3 24. gxh3 Nf3+ 25. Kf2 Nxe1 26. Rxe1 Rd2+ 27. Bxd2 1-0


[Site "https://www.chess.com"]

[Event "Titled Tuesday Blitz May 2 Early 2023"]
[White "Korelskiy, Egor"]
[Black "Hinds, Nathan"]
[WhiteFideId "34329064"]
[BlackFideId "7400730"]
[WhiteElo "2186"]
[BlackElo "2001"]
[Result "1/2-1/2"]
[Round "02"]
[TimeControl "180+2"]
[Date "2023.05.02"]
[WhiteClock "0:01:55"]
[BlackClock "0:00:27"]

1. e4 c6 2. Nc3 d5 3. Nf3 dxe4 4. Nxe4 Bg4 5. Bc4 e6 6. h3 Bh5 7. Qe2 Nf6 8. d3 Be7 9. O-O Bxf3 10. Qxf3 O-O 11. Ng3 Nbd7 12. a4 Ne5 13. Qe2 Nxc4 14. dxc4 Qc7 15. Rd1 Rfd8 16. Be3 b6 17. b3 Rxd1+ 18. Rxd1 Rd8 19. Bg5 h6 20. Be3 Rxd1+ 21. Qxd1 Qd8 22. Qxd8+ Bxd8 23. c5 Kf8 24. cxb6 Bxb6 25. Kf1 Bxe3 26. fxe3 Ke7 27. Ke2 Kd6 28. Kd3 a5 29. Nf1 Nd5 30. c3 f5 31. Nd2 Nb6 32. e4 g6 33. Ke3 e5 34. Nf3 f4+ 35. Kd3 Nd7 36. Nd2 Nb6 37. Nc4+ Nxc4 38. Kxc4 g5 39. b4 axb4 40. cxb4 h5 41. a5 g4 42. hxg4 hxg4 43. a6 Kc7 1/2-1/2


[Site "https://www.chess.com"]

[Event "Titled Tuesday Blitz May 2 Early 2023"]
[White "Biriukov, Ilja"]
[Black "Lorenzo De La Riva, Lazaro"]
[WhiteFideId "4113373"]
[BlackFideId "2268809"]
[WhiteElo "2426"]
[BlackElo "2294"]
[Result "0-1"]
[Round "02"]
[TimeControl "180+2"]
[Date "2023.05.02"]
[WhiteClock "0:00:03"]
[BlackClock "0:00:14"]

1. c4 Nf6 2. Nc3 d5 3. e3 e6 4. Nf3 Bd6 5. b3 O-O 6. Bb2 b6 7. Be2 Bb7 8. O-O Nbd7 9. d4 a6 10. Rc1 Qe7 11. Qc2 Rfe8 12. Rfd1 dxc4 13. bxc4 c5 14. d5 exd5 15. Nxd5 Nxd5 16. cxd5 Nf6 17. Qc3 b5 18. Rd2 Qf8 19. Rcd1 Ne4 20. Qc2 Nxd2 21. Rxd2 Rad8 22. Bd3 h6 23. e4 f6 24. Nh4 Bc8 25. g3 Qf7 26. f4 g5 27. Ng2 Bh3 28. Re2 c4 29. Bxc4 bxc4 30. Qxc4 Rc8 31. Qb3 Bc5+ 32. Kh1 Rb8 33. Qc2 Rec8 34. Qc3 Be7 35. Qd4 Rb4 36. Qd2 Rcb8 37. Bc3 Rb1+ 0-1


[Site "https://www.chess.com"]

[Event "Titled Tuesday Blitz May 2 Early 2023"]
[White "Khamdamova, Afruza"]
[Black "De Souza, Cristiano Gomes"]
[WhiteFideId "14210444"]
[BlackFideId "2151758"]
[WhiteElo "2210"]
[BlackElo "2068"]
[Result "1-0"]
[Round "02"]
[TimeControl "180+2"]
[Date "2023.05.02"]
[WhiteClock "0:00:00"]
[BlackClock "0:00:00"]

1. e4 c5 2. Nf3 d6 3. d4 cxd4 4. Nxd4 Nf6 5. Nc3 g6 6. Be3 Bg7 7. f3 O-O 8. Qd2 Nc6 9. Bc4 Bd7 10. h4 Rc8 11. Bb3 h5 12. O-O-O Ne5 13. Bh6 Qa5 14. Bxg7 Kxg7 15. Kb1 Rfe8 16. g4 Nc4 17. Bxc4 Rxc4 18. gxh5 Nxh5 19. Rhg1 Rec8 20. Rg5 Qb4 21. Rxh5 Rxd4 22. Qh6+ Kf6 23. Nd5+ Rxd5 24. Rhxd5 Be6 25. e5+ dxe5 26. Qg5+ Kg7 27. Qxe5+ Kh7 28. h5 Bxd5 29. hxg6+ Kxg6 30. Rg1+ Kh6 31. Qg5+ Kh7 32. Qg7# 1-0


[Site "https://www.chess.com"]

[Event "Titled Tuesday Blitz May 2 Early 2023"]
[White "Kraus, Tomas"]
[Black "Mrudul Dehankar"]
[WhiteFideId "331708"]
[BlackFideId "25096990"]
[WhiteElo "2389"]
[BlackElo "2139"]
[Result "0-1"]
[Round "02"]
[TimeControl "180+2"]
[Date "2023.05.02"]
[WhiteClock "0:00:07"]
[BlackClock "0:00:03"]

1. e4 c6 2. d4 d5 3. f3 dxe4 4. fxe4 e5 5. Nf3 Bg4 6. Bc4 Nd7 7. O-O Ngf6 8. c3 Bd6 9. Nbd2 O-O 10. h3 Bh5 11. a4 Bg6 12. Re1 Re8 13. Qb3 Qc7 14. a5 b5 15. axb6 axb6 16. Rxa8 Rxa8 17. Ng5 Rf8 18. Bd3 h6 19. Ngf3 Re8 20. Qc2 Qb7 21. Nc4 Bb8 22. Ncxe5 Nxe5 23. dxe5 Bxe5 24. Nxe5 Rxe5 25. Bf4 Re8 26. e5 Bxd3 27. Qxd3 Nd5 28. Bh2 Qe7 29. c4 Qc5+ 30. Kh1 Ne7 31. b3 Ng6 32. Qe4 Kh8 33. Bg3 Re7 34. Kh2 Kh7 35. h4 Kh8 36. h5 Nf8 37. Qf5 Nd7 38. Qg4 f6 39. exf6 Nxf6 40. Qc8+ Kh7 41. Qf5+ Kg8 42. Rxe7 Qxe7 43. Qc8+ Qe8 44. Qxc6 Qxc6 0-1


[Site "https://www.chess.com"]

[Event "Titled Tuesday Blitz May 2 Early 2023"]
[White "Srinath, Rao S.V."]
[Black "Sanhueza, Cristian"]
[WhiteFideId "5028876"]
[BlackFideId "116815"]
[WhiteElo "2196"]
[BlackElo "2219"]
[Result "1-0"]
[Round "02"]
[TimeControl "180+2"]
[Date "2023.05.02"]
[WhiteClock "0:01:41"]
[BlackClock "0:00:26"]

1. c4 Nf6 2. Nc3 g6 3. e4 d6 4. g3 Bg7 5. Bg2 O-O 6. Nge2 c5 7. h3 Nc6 8. Rb1 a6 9. a3 a5 10. O-O Ne8 11. d3 Nc7 12. Bd2 Ne6 13. Nd5 Ned4 14. b4 axb4 15. Nxd4 Bxd4 16. axb4 e6 17. Ne3 cxb4 18. Nc2 Bc3 19. Nxb4 Bxd2 20. Qxd2 Qa5 21. Kh2 Bd7 22. Qb2 Qc5 23. Nc2 Ra7 24. Qc3 e5 25. Rb5 Nd4 26. Rxc5 dxc5 27. Nxd4 exd4 28. Qd2 Rfa8 29. Rb1 Bc6 30. Qg5 Ra3 31. Rd1 R8a5 32. h4 Ra2 33. Rd2 Ra1 34. h5 Kg7 35. h6+ Kf8 36. Qd8+ Be8 37. Qd6+ Kg8 38. Qe7 1-0


[Site "https://www.chess.com"]